 Dungeon Crawl Stone Soup version 0.29.0-11-gd7f09526c8 (webtiles) character file.

Game seed: 199253014359422842

10308 smilodon the Basher (level 11, 0/81 HPs)
             Began as a Demonspawn Fighter on Sept 2, 2022.
             Was a Believer of Qazlal.
             Slain by a skeletal warrior
             ... wielding a +2 trident of freezing
              (22 damage)
             ... on level 11 of the Dungeon.
             The game lasted 00:28:55 (10333 turns).

smilodon the Basher (Demonspawn Fighter)           Turns: 10333, Time: 00:28:56

Health: 0/81       AC: 13    Str: 24    XL:     11   Next: 34%
Magic:  20/20      EV: 17    Int:  9    God:    Qazlal [**....]
Gold:   543        SH: 10    Dex: 23    Spells: 18/22 levels left

rFire   . . .      SeeInvis .   x - +8 mace "Piolue" {spect, rN+ Dex+7}
rCold   . . .      Faith    .   c - +0 buckler
rNeg    + . .      Spirit   .   J - +0 troll leather armour
rPois   +          Reflect  .   h - +0 hat
rElec   .          Harm     .   F - +2 cloak
rCorr   +          Rampage  .   o - +0 pair of gloves
Will    .....                   i - +1 pair of boots
Stlth   +.........              (no amulet)
HPRegen 1.03/turn               p - +4 ring of evasion
MPRegen 0.34/turn               z - ring of Irurch {rPois rCorr Str+4 Int-2}

@: no status effects
A: antennae 1, icy blue scales 1, magic regeneration, demonic magic 2, agile 1,
passive freeze, strong 1
a: Renounce Religion, Upheaval


You were on level 11 of the Dungeon.
You worshipped Qazlal.
Qazlal was pleased with you.
You visited 1 branch of the dungeon, and saw 11 of its levels.
You also visited: Sewer.

You collected 543 gold pieces.

Inventory:

Hand Weapons
 a - a +1 war axe
 x - the +8 mace "Piolue" (weapon) {spect, rN+ Dex+7}
   (You found it on level 5 of the Dungeon)

   When its wielder attacks, the weapon's spirit leaps out and strikes again.
   The spirit shares a part of any damage it takes with its wielder.
   Dex:       It affects your dexterity (+7).
   rN:        It protects you from negative energy.
 E - the +0 hammer of Ycan {vorpal, SInv}
   (You found it on level 7 of the Dungeon)

   It inflicts extra damage upon your enemies.
   SInv:      It lets you see invisible.
 N - a +1 short sword of speed
Missiles
 j - 2 silver javelins (quivered)
 K - 2 throwing nets
Armour
 b - a +0 scale mail
 c - a +0 buckler (worn)
 h - a +0 hat (worn)
 i - a +1 pair of boots (worn)
 o - a +0 pair of gloves (worn)
 A - a +0 kite shield
 F - a +2 cloak (worn)
 J - a +0 troll leather armour (worn)
Jewellery
 p - a +4 ring of evasion (left hand)
 t - a ring of ice
 z - the ring of Irurch (right hand) {rPois rCorr Str+4 Int-2}
   (You found it on level 6 of the Dungeon)

   [ring of poison resistance]

   Str:       It affects your strength (+4).
   Int:       It affects your intelligence (-2).
   rPois:     It protects you from poison.
   rCorr:     It protects you from acid and corrosion.
Wands
 d - a wand of flame (41)
 s - a wand of charming (2)
 D - a wand of digging (6)
 L - a wand of iceblast (2)
Scrolls
 e - 3 scrolls of amnesia
 f - a scroll of noise
 r - a scroll of magic mapping
 w - a scroll of fog
 y - a scroll of torment
 B - a scroll of poison
 C - 3 scrolls of identify
 H - a scroll of immolation
 O - a scroll of blinking
Potions
 g - 3 potions of haste
 k - 2 potions of flight
 l - 4 potions of attraction
 m - 2 potions of ambrosia
 q - 5 potions of curing
 v - 3 potions of brilliance
 G - a potion of resistance
 M - a potion of mutation


   Skills:
 + Level 5.6 Fighting
 - Level 4.9(7.7) Axes
 * Level 9.3(9.9) Maces & Flails
 + Level 5.1 Armour
 + Level 3.0 Dodging
 - Level 0.4 Stealth
 + Level 5.1 Shields
 * Level 6.2 Spellcasting
 + Level 0.7 Conjurations
 + Level 0.2 Summonings
 * Level 9.3 Invocations
 + Level 3.0 Evocations


You had 18 spell levels left.
You knew the following spells:

 Your Spells              Type           Power      Damage    Failure   Level
a - Foxfire               Conj/Fire      12%        2x1d4     26%         1
b - Call Imp              Summ           3%         N/A       41%         2
c - Magic Dart            Conj           16%        1d3       24%         1

Your spell library contained the following spells:

 Spells                   Type           Power      Damage    Failure   Level
 Static Discharge         Conj/Air       3%         3-4/arc   38%         2
 Conjure Flame            Conj/Fire      3%         6-21      63%         3
 Mephitic Cloud           Conj/Pois/Air  3%         N/A       65%         3
 Ignite Poison            Fire/Tmut/Pois 2%         N/A       67%         3
 Inner Flame              Hex/Fire       2%         N/A       67%         3
 Flame Wave               Conj/Fire      3%         2d5       95%         4
 Summon Lightning Spire   Summ/Air       3%         N/A       96%         4
 Airstrike                Air            1%         2d(1-17)  97%         4
 Freezing Cloud           Conj/Ice/Air   1%         6-21      100%        5
 Lightning Bolt           Conj/Air       1%         1d12      100%        5
 Maxwell's Capacitive Co  Air            1%         ∞         100%        8


Dungeon Overview and Level Annotations

Branches:
Dungeon (11/15)            Temple (0/1) D:5            Lair (0/5) D:10
  Sewer (visited)
    Orc: D:9-12

Altars:
Ashenzari
Cheibriados
Gozag
Hepliaklqana
Kikubaaqudgha
Makhleb
Okawaru
Qazlal
Sif Muna
Wu Jian
Xom
Yredelemnul

Shops:
D:1 (   D:3 :   D:4 [


Innate Abilities, Weirdness & Mutations

You have a pair of small antennae on your head.
You are partially covered in icy blue scales. (AC +2)
You regenerate magic rapidly.
Spells you cast may paralyse nearby enemies.
You are agile. (Dex +4, Str/Int -1)
A frigid envelope surrounds you and freezes all who hurt you.
Your muscles are strong. (Str +4, Int/Dex -1)


Message History

You sock the skeletal warrior!
The skeletal warrior is severely damaged.
The skeletal warrior misses you.
You closely miss the skeletal warrior.
The skeletal warrior is severely damaged.
The skeletal warrior hits you with a +2 trident of freezing!
The skeletal warrior freezes you.
The skeletal warrior resists.
The skeletal warrior is very cold.
The skeletal warrior is severely damaged.
You hit the skeletal warrior but do no damage.
The skeletal warrior is severely damaged.
The skeletal warrior closely misses you.
You hit the skeletal warrior but do no damage.
The skeletal warrior is severely damaged.
You block the skeletal warrior's attack.
You hit the skeletal warrior but do no damage.
The skeletal warrior is severely damaged.
You sock the skeletal warrior!
The skeletal warrior is almost destroyed.
You block the skeletal warrior's attack.
You hit the skeletal warrior but do no damage.
The skeletal warrior is almost destroyed.
The skeletal warrior hits you with a +2 trident of freezing!!
* * * LOW HITPOINT WARNING * * *
The skeletal warrior freezes you.
* * * LOW HITPOINT WARNING * * *
The skeletal warrior completely resists.
You feel much better. The skeletal warrior barely misses you.
You hit the skeletal warrior but do no damage.
The skeletal warrior is almost destroyed.
The skeletal warrior hits you with a +2 trident of freezing!
* * * LOW HITPOINT WARNING * * *
The skeletal warrior freezes you.
* * * LOW HITPOINT WARNING * * *
The skeletal warrior resists.
The skeletal warrior is very cold.
The skeletal warrior is almost destroyed.
You hit the skeletal warrior.
The skeletal warrior is almost destroyed.
The skeletal warrior hits you with a +2 trident of freezing!!
You die...

###..#.##########
#......).z......#
#.#..#.#######†##
#..#. #z# #..#. #.#
#..#.#######.#
#..#.......#.# #
#.#.#..######.##)#
#.#.#.#........<@z.#
#.#.#.#...##########
....>.#............#
###...############.#
................##.#
####..#..##.....##.#
......<..##.######.#
###......##.# #.#
#......##.######.#


You could see a skeletal warrior.

Vanquished Creatures
  Josephine (D:10)
  Harold (D:9)
  Erolcha (D:10)
  A hydra (D:11)
  2 skeletal warriors (D:11)
  An ice statue (D:9)
  A gargoyle (D:10)
  A komodo dragon (D:10)
  2 trolls
  2 shadows
  3 wraiths
  7 yaks (D:9)
  An acid dragon (D:8)
  A water moccasin (D:6)
  2 orc warriors
  A black bear (D:7)
  3 ice beasts
  2 sky beasts
  3 ogres
  A centaur (D:8)
  A phantom (D:5)
  2 kobold brigands (Sewer)
  3 bullfrogs
  A necrophage (D:8)
  A scorpion (D:5)
  6 killer bees (D:9)
  4 howler monkeys (D:9)
  A crimson imp (D:10)
  Crazy Yiuf (D:7)
  3 jellies
  2 hounds
  9 orc priests
  4 iguanas
  15 orc wizards
  11 gnolls
  16 adders
  5 river rats (Sewer)
  A shadow imp (D:5)
  A white imp (D:7)
  2 ufetubi (D:5)
  4 worms
  5 dart slugs
  41 orcs
  8 endoplasms
  7 giant cockroaches
  9 hobgoblins
  6 jackals
  21 kobolds
  5 quokkas
  13 ball pythons
  3 bats
  5 frilled lizards
  12 goblins
  22 rats
  A spectral goblin (D:10)
288 creatures vanquished.

Vanquished Creatures (collateral kills)
  An ogre (D:6)
  An orc wizard (D:6)
  An orc (D:6)
3 creatures vanquished.

Vanquished Creatures (others)
  4 foxfires (D:9)
  12 plants
16 creatures vanquished.

Grand Total: 307 creatures vanquished

Notes
Turn   | Place    | Note
-------+----------+-------------------------------------------
     0 | D:1      | smilodon the Demonspawn Fighter began the quest for the
                  | Orb.
     0 | D:1      | Reached XP level 1. HP: 18/18 MP: 1/1
    57 | D:1      | Found a faded altar of an unknown god.
   154 | D:1      | Prayed at the altar of an unknown god.
   154 | D:1      | Became a worshipper of Qazlal Stormbringer
   154 | D:1      | Reached * piety under Qazlal
   213 | D:1      | Found Doczirog's Antique Weapon Shoppe.
   290 | D:1      | Gained mutation: You regenerate magic rapidly. [demonic
                  | ancestry]
   290 | D:1      | Reached XP level 2. HP: 24/24 MP: 2/2
   982 | D:2      | Reached XP level 3. HP: 13/29 MP: 3/3
   996 | D:2      | Reached ** piety under Qazlal
  1735 | D:2      | Reached XP level 4. HP: 32/35 MP: 4/4
  1738 | D:2      | Reached skill level 1 in Invocations
  2257 | D:3      | Reached skill level 1 in Spellcasting
  2258 | D:3      | Reached skill level 1 in Dodging
  2416 | D:3      | Gained mutation: You have a pair of small antennae on your
                  | head. [demonic ancestry]
  2416 | D:3      | Reached XP level 5. HP: 33/41 MP: 6/6
  2417 | D:3      | Found a glowing drain.
  2430 | Sewer    | Entered a sewer
  2556 | Sewer    | Reached *** piety under Qazlal
  2776 | Sewer    | Gained mutation: Spells you cast may paralyse adjacent
                  | enemies. [demonic ancestry]
  2776 | Sewer    | Reached XP level 6. HP: 42/48 MP: 6/8
  3229 | D:3      | Reached **** piety under Qazlal
  3434 | D:3      | Found Tiqaf's Book Emporium.
  3441 | D:3      | Gained mutation: You are agile. (Dex +4, Str/Int -1)
                  | [potion of mutation]
  3441 | D:3      | Gained mutation: Your muscles are strong. (Str +4, Int/Dex
                  | -1) [potion of mutation]
  3441 | D:3      | Gained mutation: You are very agile. (Dex +8, Str/Int -2)
                  | [potion of mutation]
  3442 | D:3      | Lost mutation: You are very agile. (Dex +8, Str/Int -2)
                  | [potion of mutation]
  3442 | D:3      | Lost mutation: You are agile. (Dex +4, Str/Int -1) [potion
                  | of mutation]
  3442 | D:3      | Gained mutation: You are agile. (Dex +4, Str/Int -1)
                  | [potion of mutation]
  3442 | D:3      | Gained mutation: A frigid envelope surrounds you and
                  | freezes all who hurt you. [potion of mutation]
  4152 | D:4      | Reached XP level 7. HP: 50/54 MP: 9/9
  4321 | D:4      | Found Cuduraz's Antique Armour Emporium.
  5214 | D:5      | Entered Level 5 of the Dungeon
  5220 | D:5      | Found a staircase to the Ecumenical Temple.
  5491 | D:5      | Identified the +8 mace "Piolue" {spect, rN+ Dex+7}
  5648 | D:5      | You fall into a shaft and drop 3 floors!
  5676 | D:8      | Reached skill level 1 in Maces & Flails
  5734 | D:7      | Gained mutation: Spells you cast may paralyse nearby
                  | enemies. [demonic ancestry]
  5734 | D:7      | Reached XP level 8. HP: 60/60 MP: 12/12
  6225 | D:6      | Found a broken altar of Ashenzari.
  6243 | D:6      | Reached skill level 5 in Invocations
  6259 | D:6      | Reached ***** piety under Qazlal
  6273 | D:6      | Identified the ring of Irurch {rPois rCorr Str+4 Int-2}
  6326 | D:6      | Found an iron altar of Okawaru.
  6570 | D:6      | Gained mutation: You are partially covered in icy blue
                  | scales. (AC +2) [demonic ancestry]
  6570 | D:6      | Reached XP level 9. HP: 65/67 MP: 13/15
  6780 | D:7      | Found an opulent altar of Gozag.
  6997 | D:7      | Found a runed translucent door.
  6998 | D:7      | Noticed Crazy Yiuf
  7005 | D:7      | Killed Crazy Yiuf
  7008 | D:7      | Identified the +0 hammer of Ycan {vorpal, SInv}
  7156 | D:7      | Reached skill level 5 in Maces & Flails
  7318 | D:8      | Found an ancient bone altar of Kikubaaqudgha.
  7521 | D:8      | Reached skill level 5 in Fighting
  7613 | D:8      | Found a basalt altar of Yredelemnul.
  7751 | D:8      | Found a snail-covered altar of Cheibriados.
  7952 | D:9      | Noticed Harold
  7963 | D:9      | Killed Harold
  7969 | D:9      | Noticed a troll
  7974 | D:9      | Killed a troll
  8007 | D:9      | Learned a level 1 spell: Foxfire
  8010 | D:9      | Learned a level 2 spell: Call Imp
  8112 | D:9      | Learned a level 1 spell: Magic Dart
  8145 | D:9      | Reached XP level 10. HP: 64/74 MP: 3/17
  8147 | D:9      | Reached skill level 1 in Evocations
  8375 | D:9      | Found a shimmering blue altar of Sif Muna.
  8507 | D:9      | Reached skill level 5 in Armour
  8510 | D:9      | Noticed an ice statue
  8529 | D:9      | Killed an ice statue
  8530 | D:9      | Reached skill level 5 in Spellcasting
  8981 | D:9      | Found an ornate altar of the Wu Jian Council.
  9090 | D:10     | Entered Level 10 of the Dungeon
  9155 | D:10     | Noticed Josephine
  9158 | D:10     | Killed Josephine
  9164 | D:9      | Noticed a rust devil
  9164 | D:9      | Noticed a rust devil
  9324 | D:10     | Found a staircase to the Lair.
  9402 | D:10     | Noticed Erolcha
  9410 | D:10     | Killed Erolcha
  9411 | D:10     | Reached XP level 11. HP: 65/80 MP: 10/19
  9920 | D:10     | Found a hazy altar of Hepliaklqana.
 10081 | D:10     | Found a shimmering altar of Xom.
 10081 | D:10     | Found a burning altar of Makhleb.
 10187 | D:11     | Noticed a seven-headed hydra
 10193 | D:11     | Killed a seven-headed hydra
 10194 | D:11     | Reached skill level 5 in Shields
 10232 | D:11     | Noticed a skeletal warrior
 10233 | D:11     | Noticed a skeletal warrior
 10237 | D:11     | Killed a skeletal warrior
 10241 | D:11     | Noticed a skeletal warrior
 10253 | D:11     | Killed a skeletal warrior
 10333 | D:11     | Slain by a skeletal warrior

Illustrated notes

Levels and vault maps discovered:
D:1:      minmay_arrival_pointy, layout_basic, serial_shops,
          nicolae_diamond_shop, basic_ecumenical_altar
D:2:      layout_basic
D:3:      layout_loops_ring, gup_sewer_entry_pipe, serial_shops,
          nicolae_shop_competitors_out_of_business, roderic_st_hans_cross,
          hangedman_glass_teeth, fountainhead, serial_bayou_lagoon_a,
          chequers_serial_rivers_large_b, minmay_starry_boxes
D:4:      layout_basic, serial_shops, nicolae_shop_trees, serial_bayou_lake_a
D:5:      layout_basic, minmay_temple_entry_butterflies
D:6:      layout_rooms, mainiacjoe_overflow_catwalk,
          mainiacjoe_overflow_concentric_impassable, serial_curves,
          eino_curves_04, eino_curves_01, eino_curves_01,
          kennysheep_generic_room_9
D:7:      layout_basic, nicolae_gozag_cash_rules_everything_around_me,
          uniq_crazy_yiuf_cottage
D:8:      layout_loops_ring, lemuel_doored_altar,
          nicolae_overflow_crystal_walls, chei_slow_surprise, hex_tiny
D:9:      cheibrodos_iron_armory, layout_long_grid,
          nicolae_sif_muna_condensation, lemuel_coloured_pillars_altar,
          minivault_16, uniq_harold
D:10:     layout_loops_ring, grunt_temple_overflow_champion_of_chaos,
          nicolae_hepliaklqana_monster_ancestors, lair_entry_dummy,
          chequers_serial_rivers_micro_d, kennysheep_nub, uniq_erolcha,
          uniq_josephine
D:11:     layout_basic, minmay_orc_entry_guard_dogs

Skill      XL: |  1  2  3  4  5  6  7  8  9 10 11 |
---------------+----------------------------------+-----
Armour         | 3 4 5 |  5.1
Axes           | 2 3 4 |  4.9
Invocations    | 1 2 3 4 5 6 8 9 |  9.3
Spellcasting   | 1 2 4 5 6 |  6.2
Dodging        | 1 2 3 |  3.0
Shields        | 3 4 5 |  5.1
Fighting       | 4 5 |  5.6
Maces & Flails | 1 4 7 8 9 |  9.3
Evocations     | 3 |  3.0
Stealth        | |  0.4
Conjurations   | |  0.7
Summonings     | |  0.2

Action                   |  1- 3 |  4- 6 |  7- 9 | 10-12 || total
-------------------------+-------+-------+-------+-------++-------
Melee: War axe           |    99 |   199 |    62 |       ||   360
       Mace              |       |       |   128 |   129 ||   257
 Cast: Foxfire           |       |       |     2 |       ||     2
       Magic Dart        |       |       |     1 |       ||     1
       Call Imp          |       |       |     1 |       ||     1
Invok: Upheaval          |       |     1 |     4 |    19 ||    24
       Elemental Force   |       |       |     1 |       ||     1
       Disaster Area     |       |       |     1 |       ||     1
Evoke: Wand              |       |       |     9 |    12 ||    21
  Use: Potion            |     4 |     4 |     8 |     3 ||    19
       Scroll            |     2 |     8 |    11 |     3 ||    24
 Stab: Distracted        |       |       |     1 |     1 ||     2
Armor: Scale mail        |    42 |    99 |    47 |       ||   188
       Troll leather arm |       |       |     2 |    18 ||    20
Dodge: Dodged            |    44 |   110 |    80 |    49 ||   283
       Repelled          |       |     1 |       |       ||     1
Block: Buckler           |    38 |   102 |    96 |    59 ||   295
